 Dungeon Crawl Stone Soup version 0.18.1-6-gd335043 (webtiles) character file.

232467 Moloch the Sensei (level 18, -4/140 HPs)
             Began as a Demonspawn Fighter on May 18, 2016.
             Was the Champion of Okawaru.
             Killed from afar by a deep elf sorcerer (27 damage)
             ... with a bolt of acid
             ... on level 3 of the Elven Halls.
             The game lasted 01:39:51 (41137 turns).

Moloch the Sensei (Demonspawn Fighter)             Turns: 41137, Time: 01:39:51

Health: -4/140     AC: 36    Str: 25    XL:     18   Next: 82%
Magic:  0/18       EV: 11    Int: 10    God:    Okawaru [******]
Gold:   3752       SH: 19    Dex: 12    Spells: 3 memorised, 4 levels left

rFire  + . .     SeeInvis .       - Unarmed
rCold  + . .     Gourm    .     J - +7 crystal plate armour of the Fiend {+Blink}
rNeg   . . .     Faith    .     V - +1 shield {rC+}
rPois  +         Spirit   +     O - +0 hat {Spirit}
rElec  +         Dismiss  .     m - +2 cloak {MR+}
rCorr  .         Reflect  +     (gloves unavailable)
SustAt .         Harm     .     (no boots)
MR     +++..                    U - +4 amulet of reflection
Stlth  ..........               C - +5 ring of evasion
                                t - ring "Woikhloibb" {rElec rPois Dex-5 Stlth+}

@: mighty, heavily drained, extremely resistant to hostile enchantments,
extremely unstealthy
A: beak, claws 3, hooves 1, rough black scales 2, demonic guardian 1, fire
resistance 1, magic resistance 1, mutation resistance 1, powered by pain 3,
strong 1
a: Heroism, Finesse, Renounce Religion, Evoke Blink
}: 1/15 runes: barnacled


You were on level 3 of the Elven Halls.
You worshipped Okawaru.
Okawaru was exalted by your worship.
You were not hungry.

You visited 7 branches of the dungeon, and saw 34 of its levels.
You also visited: Ossuary and Ice Cave.

You collected 4013 gold pieces.
You spent 261 gold pieces at shops.

Inventory:

Missiles
 W - 4 throwing nets (quivered)
Armour
 m - a +2 cloak of magic resistance (worn)
 J - the +7 crystal plate armour of the Fiend (worn) {+Blink}
   (Okawaru gifted it to you on level 1 of the Snake Pit)

   It lets you blink.
 O - a +0 hat of spirit shield (worn)
 T - the +1 plate armour of Midsummer {rPois Dex+4}
   (You took it off a deep elf high priest on level 3 of the Elven Halls)

   It affects your dexterity (+4).
   It protects you from poison.
 V - a +1 shield of cold resistance (worn)
 Z - the +1 scale mail "Fohe" {rCorr Str+3}
   (You found it on level 3 of the Elven Halls)

   It affects your strength (+3).
   It protects you from acid and corrosion.
Jewellery
 j - an uncursed ring of see invisible
 t - the ring "Woikhloibb" (left claw) {rElec rPois Dex-5 Stlth+}
   (You took it off a deep elf death mage on level 3 of the Elven Halls)

   [ring of poison resistance]

   It affects your dexterity (-5).
   It insulates you from electricity.
   It protects you from poison.
   It makes you more stealthy.
 v - an uncursed ring of protection from cold
 C - a +5 ring of evasion (right claw)
 U - a +4 amulet of reflection (around neck)
Wands
 h - a wand of digging (11/24)
 A - a wand of disintegration (6/24)
 F - a wand of heal wounds (6/9)
 M - a wand of teleportation (5/9)
Scrolls
 c - 5 scrolls of recharging
 e - 15 scrolls of remove curse
 k - a scroll of blinking
 o - 9 scrolls of identify
 r - 9 scrolls of teleportation
 s - 4 scrolls of enchant weapon
 w - 2 scrolls of magic mapping
 y - 5 scrolls of enchant armour
 X - 3 scrolls of silence
Potions
 a - 2 potions of flight
 f - 5 potions of lignification
 l - a potion of mutation
 x - a potion of ambrosia
 B - 4 potions of invisibility
 D - 2 potions of brilliance
 E - 8 potions of curing
 G - a potion of berserk rage
 I - 2 potions of cure mutation
 K - a potion of cancellation
 N - 5 potions of resistance
 Q - 2 potions of agility
 R - a potion of magic
 Y - 2 potions of haste
Books
 n - a book of the Tempests

   Spells                             Type                      Level
   a - Static Discharge               Conjuration/Air              3
   b - Lightning Bolt                 Conjuration/Air              5
   c - Fireball                       Conjuration/Fire             5
   d - Tornado                        Air                          9
   e - Shatter                        Earth                        9
 p - a book of Enchantments

   Spells                             Type                      Level
   a - Cause Fear                     Hexes                        4
   b - Yara's Violent Unravelling     Hexes/Transmutation          5
   c - Silence                        Hexes/Air                    5
   d - Deflect Missiles               Charms/Air                   6
   e - Haste                          Charms                       6
   f - Discord                        Hexes                        8
 S - a Necronomicon

   Spells                             Type                      Level
   a - Haunt                          Necromancy/Summoning         7
   b - Borgnjor's Revivification      Necromancy                   8
   c - Death's Door                   Charms/Necromancy            8
   d - Necromutation                  Transmutation/Necromancy     8
Miscellaneous
 L - a phantom mirror
 P - an ornate deck of summoning {the Pentagram}
Comestibles
 b - 2 slices of pizza
 d - 14 bread rations
 g - 11 meat rations
 i - a chunk of flesh
 u - 11 royal jellies
 z - 11 fruits


   Skills:
 + Level 12.0(10.3) Fighting
 + Level 9.4(7.8) Armour
 - Level 5.6(4.2) Dodging
 * Level 16.2(14.4) Shields
 * Level 21.4(19.3) Unarmed Combat


You had 4 spell levels left.
You knew the following spells:

 Your Spells              Type           Power        Failure   Level  Hunger
a - Necromutation         Trmt/Necr      #.........   100%        8    #######
b - Regeneration          Chrm/Necr      #.........   100%        3    ####...
c - Blink                 Tloc           N/A          100%        2    ###....


Dungeon Overview and Level Annotations

Branches:
Dungeon (15/15)            Temple (1/1) D:4            Lair (8/8) D:10
 Shoals (4/4) Lair:4        Snake (1/4) Lair:6        Slime (0/6) Lair:6
    Orc (2/2) D:9             Elf (3/3) Orc:2        Depths (0/5) D:15
 Vaults: D:13-14

Altars:
Ashenzari
Cheibriados
Elyvilon
Fedhas
Gozag
Kikubaaqudgha
Makhleb
Nemelex Xobeh
Okawaru
Pakellas
Qazlal
Ru
Sif Muna
Trog
Vehumet
Xom
Yredelemnul
Zin
The Shining One
Beogh
Jiyva

Shops:
D:10 *   Orc:1 }(*?   Orc:2 [[%*

Annotations:
D:2 exclusion: oklob plant
D:5 Bubs's ghost, novice FoFi
Lair:4 exclusion: oklob plant


Innate Abilities, Weirdness & Mutations

You have claws for hands.
You are mostly covered in rough black scales (AC +7, Dex -2).
A weak demonic guardian rushes to your aid.
Your flesh is heat resistant.
You are powered by pain.
You have a beak for a mouth.
You have large cloven feet.
You are resistant to hostile enchantments.
You are somewhat resistant to further mutation.
Your muscles are strong. (Str +2)


Message History

The deep elf sorcerer shouts, "You can't withstand my power!"
You closely miss the deep elf death mage.
Your kick misses the deep elf death mage.
The deep elf death mage gestures at you while chanting.
The bolt of negative energy hits you!
You feel drained.
You focus on the pain.
You feel mightier all of a sudden.
You mangle the deep elf death mage!! You kick the deep elf death mage!
Your peck misses the deep elf death mage.
The deep elf death mage is heavily wounded.
Unknown command.
You mangle the deep elf sorcerer!!
The deep elf sorcerer is moderately wounded.
The deep elf death mage points at you and mumbles some strange words.
The bolt of negative energy hits you!
You feel drained.
* * * LOW HITPOINT WARNING * * *
You focus on the pain.
You feel your power returning.
Your iron imp hits the deep elf sorcerer.
The deep elf sorcerer gestures at you while chanting.
The bolt of acid hits you!
You die...

#####.######
##...)...##
#.........#####
.........)..#:$##
...).[......##./###
.............##.[[##
....###.......#..5:##
...##)##......#.%e[.#
..##...##.....#.@e..#
..)....(#.....#.##'##
..##..(##.....###.(.##
...##.##).?...##..)..##
...)###.).....'....).)#
........)....##.......#
...........)###...e...#
.....)......# ##.....##
............# ##...##


You could see a deep elf death mage, a deep elf sorcerer and a friendly iron
imp.

Vanquished Creatures
  3 deep elf blademasters
  A deep elf master archer (Elf:3)
  Roxanne (Shoals:3)
  Ilsuiw (Shoals:3)
  Donald (Orc:2)
  Maud (D:10)
  8 deep elf sorcerers (Elf:3)
  2 deep elf elementalists (Elf:3)
  5 deep elf demonologists (Elf:3)
  3 deep elf annihilators (Elf:3)
  2 blizzard demons (IceCv)
  The ghost of Lovchig the Blocker, a journeyman MiFi of Kikubaaqudgha (Snake:1)
  2 ettins (Orc:2)
  4 merfolk javelineers (Shoals:4)
  3 deep elf death magi (Elf:3)
  4 merfolk impalers
  6 deep elf high priests
  Josephine (Lair:4)
  The ghost of no0bjke the Blocker, a journeyman GrFi of Okawaru (IceCv)
  Fannar (D:10)
  Erolcha (D:10)
  7 hydras
  7 centaur warriors
  4 merfolk avatars (Shoals:4)
  An alligator snapping turtle (Shoals:2)
  The ghost of Thrillho the Slicer, a journeyman OpBe of Trog (D:11)
  9 merfolk aquamancers
  An anaconda (Snake:1)
  An ogre mage (D:15)
  3 satyrs (Shoals:4)
  A catoblepas (D:13)
  A death knight (D:15)
  11 death yaks (Lair:8)
  Urug (Lair:1)
  29 dancing weapons
  A shock serpent (Snake:1)
  12 deep elf knights
  Sonja (Orc:2)
  An orc high priest (Elf:2)
  7 skeletal warriors
  14 sea snakes
  A naga ritualist (Snake:1)
  An unseen horror (D:14)
  12 deep elf archers
  3 hill giants (D:13)
  3 orc knights (Orc:2)
  A necromancer (D:15)
  A mana viper (Snake:1)
  3 wizards (D:15)
  7 harpies
  An orc sorcerer (Orc:1)
  3 cyclopes
  45 deep elf magi
  2 wolf spiders (Lair:8)
  9 griffons
  A hornet (Lair:8)
  7 manticores
  15 fauns (Shoals:4)
  7 ugly things
  An oklob plant (Lair:4)
  3 sirens
  An octopode (shapeshifter) (D:13)
  A naga mage (D:15)
  Maurice (Orc:2)
  17 elephants
  2 guardian serpents
  10 black mambas
  Psyche (D:12)
  17 spiny frogs
  3 centaur skeletons
  5 water nymphs
  6 freezing wraiths
  An efreet (D:15)
  3 rime drakes
  7 ice devils (IceCv)
  6 komodo dragons
  A tengu conjurer (D:15)
  7 anaconda simulacra (IceCv)
  3 trolls
  23 merfolk
  2 wolf spider simulacra (IceCv)
  2 wind drakes
  4 slime creatures
  4 two-headed ogres
  10 snapping turtles
  16 blink frogs
  4 centaur simulacra
  A redback (Lair:8)
  A shadow (D:13)
  Sigmund (D:3)
  A redback (shapeshifter) (Elf:3)
  3 air elementals
  6 water elementals
  5 fire elementals
  A vampire (D:14)
  2 dire elephant simulacra (IceCv)
  12 wyverns
  3 vampire mosquitoes (D:14)
  5 wraiths
  52 yaks
  6 basilisks
  19 hippogriffs
  3 hungry ghosts
  A death yak simulacrum (IceCv)
  An iron troll simulacrum (IceCv)
  2 harpy simulacra (IceCv)
  A naga (Snake:1)
  A warg (Elf:2)
  13 porcupines
  13 water moccasins
  3 hydra simulacra (IceCv)
  27 orc warriors
  4 ice beasts
  A sky beast (D:5)
  5 wasps
  3 black bears
  2 phantoms
  A necrophage (D:10)
  15 ogres
  3 boggarts (D:14)
  11 wolves
  18 centaurs
  2 big kobolds
  20 crocodiles
  21 giant frogs
  6 earth elementals
  A gnoll sergeant (D:11)
  A wyvern skeleton (D:12)
  6 scorpions
  21 killer bees
  12 wights
  An electric eel (D:13)
  6 howler monkeys
  6 crimson imps
  A giant frog zombie (D:12)
  10 centaur zombies
  A draconian simulacrum (IceCv)
  A quasit (D:7)
  6 jellies
  12 orc priests
  A giant frog skeleton (D:4)
  8 hounds
  17 orc wizards
  A gnoll shaman (D:9)
  Jessica (D:3)
  11 iguanas
  Crazy Yiuf (D:6)
  13 worker ants
  2 spriggan simulacra (IceCv)
  A troll simulacrum (IceCv)
  A wolf simulacrum (IceCv)
  18 sheep
  A hound zombie (D:8)
  2 hound skeletons
  2 mummies
  A naga simulacrum (IceCv)
  37 river rats
  13 adders
  9 gnolls
  An ogre simulacrum (IceCv)
  5 shadow imps
  3 white imps (IceCv)
  5 ufetubi (IceCv)
  7 oozes
  8 worms
  2 dart slugs
  7 giant geckos
  63 orcs
  3 ball pythons
  15 bats
  5 giant cockroaches
  5 goblins
  10 hobgoblins
  17 jackals
  16 kobolds
  6 quokkas
  A giant cockroach zombie (D:5)
  A giant gecko skeleton (D:5)
  6 giant newts
  8 hobgoblin zombies (Ossuary)
  10 kobold zombies
  7 orc zombies (Ossuary)
  A quokka skeleton (D:6)
  A quokka zombie (D:5)
  4 rats
  A fungus (D:10)
  A plant (Lair:4)
1187 creatures vanquished.

Vanquished Creatures (collateral kills)
  A hydra (Lair:7)
  A sea snake (Shoals:4)
  A deep elf mage (Elf:2)
  A griffon (Lair:7)
  A polar bear (Lair:5)
  A merfolk (Shoals:3)
  An air elemental (Elf:1)
  3 yaks
  2 hippogriffs
  A warg (Orc:2)
  2 ogres
  A crocodile (Lair:1)
  An iguana (D:7)
  An adder (Lair:8)
  An orc (D:9)
  A ball python (D:7)
  A kobold (D:7)
21 creatures vanquished.

Vanquished Creatures (others)
  3 merfolk javelineers (Shoals:4)
  A deep elf high priest (Elf:3)
  A centaur warrior (D:11)
  2 deep elf archers
  2 deep elf magi (Elf:3)
  A faun (Shoals:4)
  A merfolk (Shoals:4)
  An air elemental (D:12)
  A water elemental (D:12)
  3 orc warriors (Orc:2)
  A centaur (Orc:2)
  4 white imps (IceCv)
  5 orcs (Orc:2)
  51 fungi
  52 plants
129 creatures vanquished.

Grand Total: 1337 creatures vanquished

Notes
Turn   | Place    | Note
--------------------------------------------------------------
     0 | D:1      | Moloch the Demonspawn Fighter began the quest for the Orb.
     0 | D:1      | Reached XP level 1. HP: 18/18 MP: 1/1
   123 | D:1      | Reached skill level 2 in Unarmed Combat
   171 | D:1      | Gained mutation: You have sharp fingernails. [demonic ancestry]
   171 | D:1      | Reached XP level 2. HP: 19/24 MP: 2/2
   685 | D:1      | Reached skill level 3 in Unarmed Combat
   800 | D:1      | Reached XP level 3. HP: 18/29 MP: 3/3
  1317 | D:2      | Gained mutation: You sometimes gain a little power by taking damage. [demonic ancestry]
  1317 | D:2      | Reached XP level 4. HP: 34/35 MP: 4/4
  1385 | D:2      | Reached skill level 4 in Unarmed Combat
  2196 | D:2      | Found a blossoming altar of Fedhas.
  2206 | D:2      | Noticed an oklob plant
  2460 | D:3      | Found a sparkling altar of Nemelex Xobeh.
  2616 | D:3      | Noticed Jessica
  2620 | D:3      | Killed Jessica
  2620 | D:3      | Gained mutation: You sometimes gain power by taking damage. [demonic ancestry]
  2620 | D:3      | Reached XP level 5. HP: 40/41 MP: 5/5
  2674 | D:3      | Reached skill level 5 in Unarmed Combat
  2707 | D:3      | Noticed Sigmund
  2941 | D:3      | Killed Sigmund
  2941 | D:3      | Reached skill level 6 in Unarmed Combat
  2941 | D:3      | Reached XP level 6. HP: 6/47 MP: 6/6
  2942 | D:3      | Found a shattered altar of Ashenzari.
  4247 | D:4      | Found a sand-covered staircase.
  4255 | Ossuary  | Entered an ossuary
  4420 | Ossuary  | Reached skill level 7 in Unarmed Combat
  4420 | Ossuary  | Gained mutation: A weak demonic guardian rushes to your aid. [demonic ancestry]
  4420 | Ossuary  | Reached XP level 7. HP: 46/52 MP: 7/7
  4456 | Ossuary  | HP: 1/52 [elf zombie (4)]
  5028 | D:4      | Found a staircase to the Ecumenical Temple.
  5214 | Temple   | Entered the Ecumenical Temple
  5235 | Temple   | Became a worshipper of Warmaster Okawaru
  5616 | D:5      | Entered Level 5 of the Dungeon
  5645 | D:5      | Gained mutation: Your muscles are strong. (Str +2) [mutagenic meat]
  5646 | D:5      | Gained mutation: You are dopey. (Int -2) [mutagenic meat]
  5744 | D:5      | Found an opulent altar of Gozag.
  5766 | D:5      | Reached skill level 8 in Unarmed Combat
  6074 | D:6      | Lost mutation: You are dopey. (Int -2) [potion of cure mutation]
  6074 | D:6      | Lost mutation: Your muscles are strong. (Str +2) [potion of cure mutation]
  6178 | D:5      | Noticed Bubs's ghost (novice FoFi)
  6448 | D:6      | Reached * piety under Okawaru
  6448 | D:6      | Gained mutation: You have very sharp fingernails. [demonic ancestry]
  6448 | D:6      | Reached XP level 8. HP: 28/58 MP: 8/8
  6706 | D:6      | Reached skill level 9 in Unarmed Combat
  7256 | D:6      | Noticed Crazy Yiuf
  7274 | D:6      | Killed Crazy Yiuf
  7538 | D:7      | Reached skill level 10 in Unarmed Combat
  7575 | D:7      | Reached ** piety under Okawaru
  8099 | D:7      | Found a sparkling altar of Nemelex Xobeh.
  8171 | D:7      | Reached XP level 9. HP: 54/63 MP: 9/9
  8392 | D:8      | Found a stormy altar of Qazlal.
  8399 | D:8      | Reached skill level 11 in Unarmed Combat
  8613 | D:8      | Found Xaytappo's Antique Armour Emporium.
  9028 | D:7      | Reached *** piety under Okawaru
  9186 | D:8      | Reached skill level 12 in Unarmed Combat
  9940 | D:9      | Found a staircase to the Orcish Mines.
 10039 | D:9      | Reached **** piety under Okawaru
 10039 | D:9      | Reached XP level 10. HP: 57/70 MP: 10/10
 10222 | D:9      | Found an oddly glowing altar of Pakellas.
 10342 | D:10     | Entered Level 10 of the Dungeon
 10469 | D:10     | Reached skill level 13 in Unarmed Combat
 10774 | D:10     | Found a staircase to the Lair.
 11329 | D:10     | Found Siziwesa's Assorted Antiques.
 11333 | D:10     | Noticed Erolcha
 11341 | D:10     | Killed Erolcha
 11341 | D:10     | Reached ***** piety under Okawaru
 11376 | D:10     | Noticed Maud
 11388 | D:10     | Killed Maud
 11388 | D:10     | Reached skill level 14 in Unarmed Combat
 11565 | D:10     | Noticed Fannar
 11596 | D:10     | Killed Fannar
 11775 | D:11     | Gained mutation: You are partially covered in rough black scales (AC +4, Dex -1). [demonic ancestry]
 11775 | D:11     | Reached XP level 11. HP: 64/77 MP: 11/11
 12071 | Orc:1    | Entered Level 1 of the Orcish Mines
 12076 | Orc:1    | Noticed an orc sorcerer
 12087 | Orc:1    | Killed an orc sorcerer
 12087 | Orc:1    | Received a gift from Okawaru
 12133 | Lair:1   | Entered Level 1 of the Lair of Beasts
 12590 | Lair:1   | Noticed Urug
 12616 | Lair:1   | Killed Urug
 12616 | Lair:1   | Reached skill level 15 in Unarmed Combat
 12893 | Lair:1   | Noticed a seven-headed hydra
 12903 | Lair:1   | Killed a seven-headed hydra
 12903 | Lair:1   | Received a gift from Okawaru
 13023 | Lair:1   | Reached skill level 5 in Fighting
 13952 | Lair:1   | Reached skill level 1 in Dodging
 14560 | Lair:1   | Noticed a six-headed hydra
 14568 | Lair:1   | Killed a six-headed hydra
 14568 | Lair:1   | Received a gift from Okawaru
 14949 | Lair:2   | Noticed a seven-headed hydra
 14956 | Lair:2   | Killed a seven-headed hydra
 15041 | Lair:2   | Reached XP level 12. HP: 74/88 MP: 10/12
 15309 | Lair:2   | Reached skill level 16 in Unarmed Combat
 15655 | Lair:3   | Learned a level 8 spell: Necromutation
 15705 | Lair:3   | Learned a level 3 spell: Regeneration
 16623 | Lair:4   | Found a staircase to the Shoals.
 16847 | Lair:4   | Noticed a four-headed hydra
 16855 | Lair:4   | Killed a four-headed hydra
 16855 | Lair:4   | Reached skill level 5 in Armour
 17553 | Lair:4   | Noticed Josephine
 17571 | Lair:4   | Killed Josephine
 17587 | Lair:4   | Noticed a four-headed hydra
 17597 | Lair:4   | Killed a four-headed hydra
 17597 | Lair:4   | Received a gift from Okawaru
 17605 | Lair:4   | Got an opal-encrusted scale mail {god gift}
 17627 | Lair:4   | Identified the +2 scale mail of Lifelessness {Str+3} (Okawaru gifted it to you on level 4 of the Lair of Beasts)
 17999 | Lair:5   | Reached skill level 5 in Shields
 18133 | Lair:5   | Gained mutation: Your flesh is heat resistant. [demonic ancestry]
 18133 | Lair:5   | Reached XP level 13. HP: 78/96 MP: 13/13
 19106 | Lair:6   | Reached skill level 5 in Dodging
 19270 | Lair:6   | Received a gift from Okawaru
 19295 | Lair:6   | Reached skill level 17 in Unarmed Combat
 19341 | Lair:6   | Found a staircase to the Snake Pit.
 19351 | Lair:6   | Gained mutation: Your muscles are strong. (Str +2) [mutagenic meat]
 19352 | Lair:6   | Gained mutation: You have a beak for a mouth. [mutagenic meat]
 19603 | Lair:6   | Reached ****** piety under Okawaru
 19737 | Lair:6   | Found a viscous altar of Jiyva.
 19737 | Lair:6   | Found a staircase to the Slime Pits.
 20210 | Lair:7   | Received a gift from Okawaru
 20915 | Lair:8   | Entered Level 8 of the Lair of Beasts
 21192 | Lair:8   | Reached XP level 14. HP: 90/106 MP: 14/14
 21850 | Lair:8   | Received a gift from Okawaru
 22064 | Lair:8   | Reached skill level 18 in Unarmed Combat
 23292 | Orc:1    | Found Pefarul's Antique Weapon Shoppe.
 23298 | Orc:1    | Found Xiyb's Assorted Antiques.
 23359 | Orc:1    | Bought a scroll labeled SATTEWYDIK for 36 gold pieces
 23359 | Orc:1    | Found Rim Uvurr's Gadget Shop.
 23364 | Orc:1    | Found Leweupon's Magic Scroll Shop.
 23482 | Orc:2    | Entered Level 2 of the Orcish Mines
 23482 | Orc:2    | Noticed Donald
 23497 | Orc:2    | Killed Donald
 23732 | Orc:2    | Found a staircase to the Elven Halls.
 24146 | Orc:2    | Reached skill level 10 in Shields
 24192 | Orc:2    | Noticed Maurice
 24424 | Orc:2    | Killed Maurice
 24502 | Orc:2    | Received a gift from Okawaru
 24601 | Orc:2    | Got a distressingly furry ring mail {god gift}
 24636 | Orc:2    | Identified the +4 ring mail of the Blind Marksman {rN+} (Okawaru gifted it to you on level 2 of the Orcish Mines)
 24683 | Orc:2    | Found Namienk's Food Shoppe.
 24683 | Orc:2    | Found Uneid's Armour Shop.
 24685 | Orc:2    | Found Vyudd's Armour Boutique.
 24687 | Orc:2    | Found Akko's General Store.
 24699 | Orc:2    | Bought an uncursed ring of see invisible for 225 gold pieces
 24784 | Orc:2    | Noticed Sonja
 24786 | Orc:2    | Killed Sonja
 24979 | Orc:2    | Found a roughly hewn altar of Beogh.
 25207 | D:11     | Gained mutation: You are powered by pain. [demonic ancestry]
 25207 | D:11     | Reached XP level 15. HP: 113/113 MP: 15/15
 25658 | D:11     | Noticed Thrillho's ghost (journeyman OpBe)
 25689 | D:11     | Killed Thrillho's ghost
 26026 | D:12     | Noticed Psyche
 26032 | D:12     | Killed Psyche
 26151 | D:12     | Found a large runed door.
 26152 | D:12     | Found a large runed door.
 27014 | D:13     | Gained mutation: You have a pair of small horns on your head. [mutagenic meat]
 27015 | D:13     | Gained mutation: You have large cloven feet. [mutagenic meat]
 27154 | D:13     | Found a shimmering altar of Xom.
 27773 | D:13     | You fall through a shaft!
 27778 | D:14     | Received a gift from Okawaru
 27836 | D:14     | Gained mutation: You are somewhat resistant to further mutation. [mutagenic meat]
 27838 | D:14     | Gained mutation: You are resistant to hostile enchantments. [mutagenic meat]
 28720 | D:15     | Entered Level 15 of the Dungeon
 28726 | D:15     | Received a gift from Okawaru
 28729 | D:15     | Reached skill level 19 in Unarmed Combat
 29161 | D:15     | Learned a level 2 spell: Blink
 29290 | D:15     | Found a staircase to the Depths.
 29709 | Snake:1  | Entered Level 1 of the Snake Pit
 29710 | Snake:1  | Noticed Lovchig's ghost (journeyman MiFi)
 29726 | Snake:1  | Killed Lovchig's ghost
 29888 | Snake:1  | Received a gift from Okawaru
 29995 | Snake:1  | Reached skill level 10 in Fighting
 30132 | Snake:1  | Got a faintly humming crystal plate armour {god gift}
 30143 | Snake:1  | Identified the +7 crystal plate armour of the Fiend {+Blink} (Okawaru gifted it to you on level 1 of the Snake Pit)
 30238 | Shoals:1 | Entered Level 1 of the Shoals
 30540 | Shoals:1 | Reached XP level 16. HP: 74/122 MP: 16/16
 31987 | Shoals:3 | Noticed Roxanne
 32031 | Shoals:3 | Found a frozen archway.
 32207 | IceCv    | Entered an ice cave
 32207 | IceCv    | Noticed no0bjke's ghost (journeyman GrFi)
 32226 | IceCv    | Killed no0bjke's ghost
 33100 | Shoals:3 | Noticed Ilsuiw
 33115 | Shoals:3 | Killed Ilsuiw
 33324 | Shoals:3 | Killed Roxanne
 33326 | Shoals:3 | Identified Roxanne's Reference Book on Moulding (You took it off Roxanne on level 3 of the Shoals)
 33459 | Shoals:4 | Entered Level 4 of the Shoals
 33663 | Shoals:4 | Received a gift from Okawaru
 34146 | Shoals:4 | Got a slimy buckler {god gift}
 34157 | Shoals:4 | Identified the +3 buckler of Autumn {Int+9} (Okawaru gifted it to you on level 4 of the Shoals)
 34689 | Shoals:4 | Reached skill level 20 in Unarmed Combat
 34784 | Shoals:4 | Gained mutation: You have claws for hands. [demonic ancestry]
 34784 | Shoals:4 | Reached XP level 17. HP: 28/130 MP: 7/17
 34788 | Shoals:4 | HP: 4/130 [poisoned by a sea snake]
 35602 | Shoals:4 | Received a gift from Okawaru
 35605 | Shoals:4 | Got a pair of polished boots {god gift}
 35611 | Shoals:4 | Identified the +0 pair of boots of the Boiling Point {rC- Int+6} (Okawaru gifted it to you on level 4 of the Shoals)
 35968 | Shoals:4 | Got a barnacled rune of Zot
 36606 | Elf:1    | Entered Level 1 of the Elven Halls
 37810 | Elf:2    | Found a runed gate.
 37810 | Elf:2    | Found a runed gate.
 37811 | Elf:2    | Found a runed gate.
 37814 | Elf:2    | Reached skill level 15 in Shields
 38090 | Elf:2    | Noticed a deep elf blademaster
 38111 | Elf:2    | Killed a deep elf blademaster
 38111 | Elf:2    | Received a gift from Okawaru
 38434 | Elf:2    | Gained mutation: You are mostly covered in rough black scales (AC +7, Dex -2). [demonic ancestry]
 38434 | Elf:2    | Reached XP level 18. HP: 106/138 MP: 18/18
 38921 | Elf:3    | Entered Level 3 of the Elven Halls
 38922 | Elf:3    | Found a radiant altar of Vehumet.
 39224 | Elf:3    | Identified a scroll of acquirement
 39225 | Elf:3    | Got a jet-encrusted chain mail
 39246 | Elf:3    | Identified the +1 chain mail of Reason {MR+ Slay+3} (You acquired it on level 3 of the Elven Halls)
 39807 | Elf:3    | Reached skill level 21 in Unarmed Combat
 40010 | Elf:3    | Received a gift from Okawaru
 40278 | Elf:3    | Got a crude plate armour
 40302 | Elf:3    | Got a crude scale mail
 40684 | Elf:2    | Identified the +1 plate armour of Midsummer {rPois Dex+4} (You took it off a deep elf high priest on level 3 of the Elven Halls)
 40694 | Elf:2    | Identified the +1 scale mail "Fohe" {rCorr Str+3} (You found it on level 3 of the Elven Halls)
 40934 | Elf:3    | Got a clouded marble ring
 40946 | Elf:3    | Identified the ring "Woikhloibb" {rElec rPois Dex-5 Stlth+} (You took it off a deep elf death mage on level 3 of the Elven Halls)
 41084 | Elf:3    | Lost mutation: You have a pair of small horns on your head. [mutagenic meat]
 41137 | Elf:3    | Killed from afar by a deep elf sorcerer

Skill      XL: |  1  2  3  4  5  6  7  8  9 10 11 12 13 14 15 16 17 18 |
---------------+-------------------------------------------------------+-----
Unarmed Combat | 2 3 4 6 7 8 10 12 14 15 16 17 18 19 20 21 | 21.4
Fighting       | 4 6 7 8 9 10 11 12 | 12.0
Armour         | 4 5 6 7 8 9 |  9.4
Dodging        | 2 4 5 |  5.6
Shields        | 5 8 10 12 13 15 16 | 16.2

Action                   |  1- 3 |  4- 6 |  7- 9 | 10-12 | 13-15 | 16-18 || total
-------------------------+-------+-------+-------+-------+-------+-------++-------
Melee: Unarmed           |   134 |   323 |   513 |   748 |  1676 |  1498 ||  4892
       Peck              |       |       |       |       |   342 |   308 ||   650
       Headbutt          |       |       |       |       |   113 |   321 ||   434
       Kick              |       |       |       |       |    81 |   419 ||   500
Throw: Javelin           |       |       |       |    15 |     6 |       ||    21
       Throwing net      |       |       |       |     1 |       |       ||     1
Invok: Heroism           |       |       |     3 |    18 |    10 |    16 ||    47
Evoke: Wand              |       |       |       |     2 |     5 |       ||     7
  Use: Potion            |       |     1 |     7 |       |       |     5 ||    13
       Scroll            |       |       |       |     9 |    26 |     5 ||    40
 Stab: Distracted        |       |       |     5 |     5 |     8 |     9 ||    27
       Invisible         |       |       |     1 |       |       |       ||     1
  Eat: Chunk             |     1 |     9 |    23 |    27 |    43 |    32 ||   135
       Beef jerky        |       |     1 |       |     1 |     2 |     5 ||     9
       Fruit             |       |       |       |       |     2 |       ||     2
       Pizza             |       |       |       |       |     1 |       ||     1
Armor: Scale mail        |    65 |   100 |       |       |       |       ||   165
       Chain mail        |       |    64 |   102 |       |       |       ||   166
       Plate armour      |       |       |   127 |   327 |   450 |     7 ||   911
       Crystal plate arm |       |       |       |       |    29 |   517 ||   546
Dodge: Dodged            |    43 |    63 |    39 |    90 |   235 |   207 ||   677
Block: Shield            |    79 |   136 |   161 |   309 |   967 |   971 ||  2623
       Large shield      |       |       |       |       |   131 |       ||   131
       Reflection        |       |       |       |       |    72 |   158 ||   230
       Buckler           |       |       |       |       |       |     3 ||     3
